 Dungeon Crawl Stone Soup version 0.30.1-3-gfc49f6343a (webtiles) character file.

Game seed: 5456848754970350645

64 coffeetime the Ruffian (level 3, 37/37 HPs)
             Began as a Troll Monk on July 28, 2023.
             Was a Plaything of Xom.
             Quit the game on level 2 of the Dungeon.
             The game lasted 00:04:02 (1260 turns).

coffeetime the Ruffian (Troll Monk)                 Turns: 1260, Time: 00:04:03

Health: 37/37      AC:  4    Str: 21    XL:     3   Next: 91%
Magic:  2/2        EV: 10    Int:  6    God:    Xom [..*...]
Gold:   49         SH:  0    Dex: 12    Spells: 2/2 levels left

rFire   . .          .
                       - Unarmed
rCold   . . .        c - orb {light}
rNeg    . . .        a - +0 robe
rPois   .            (helmet restricted)
rElec   .            (no cloak)
rCorr   .            (gloves unavailable)
SInv    .            (boots unavailable)
Will    .....        (no amulet)
Stlth   +            (no ring)
HPRegen 1.06/turn    (no ring)
MPRegen 0.08/turn

%: no passive effects
@: glowing
A: large, unfitting armour, claws 3, regeneration 1, shaggy fur 1, tough skin 1
a: Renounce Religion


You were on level 2 of the Dungeon.
You worshipped Xom.
You were a toy of Xom.
You visited 1 branch of the dungeon, and saw 2 of its levels.

You collected 49 gold pieces.

Inventory:

Missiles
 e - 23 stones (quivered)
Armour
 a - a +0 robe (worn)
 c - an orb of light (worn)
Scrolls
 d - a scroll of magic mapping {unknown}
Potions
 b - a potion of ambrosia
 f - 3 potions of curing {unknown}
 g - a potion of mutation {unknown}


   Skills:
 + Level 3.3 Fighting
 - Level 2.4 Dodging
 + Level 4.0 Unarmed Combat


You had 2 spell levels left.
You didn't know any spells.
Your spell library contained the following spells:

 Spells                   Type           Power      Damage    Failure   Level
 Anguish                  Hex/Necr       0%         N/A       99%         4
 Cause Fear               Hex            0%         N/A       99%         4
 Enfeeble                 Hex            0%         N/A       100%        7


Dungeon Overview and Level Annotations

Branches:
Dungeon (2/15)

Altars:
Xom
The Shining One

Shops:
D:2 [


Innate Abilities, Weirdness & Mutations

You are too large for most types of armour.
You have claws for hands.
Your natural rate of healing is unusually fast.
You are covered in fur. (AC +1)
You have tough skin. (AC +1)


Message History

You barely miss the bat.
The bat is severely wounded.
The bat hits you but does no damage.
You barely miss the bat.
The bat is severely wounded.
The bat closely misses you.
You claw the bat!
You kill the bat!
No target in view!
No target in view!
e - 17 stones (gained 5)
Found Giaq's Armour Shop.
No target in view!
A goblin comes into view. It is wielding a +0 club.
The goblin shouts!
The goblin moves out of view.
A goblin is nearby!
No target in view!
No target in view!
No target in view!
The goblin hits you but does no damage.
You closely miss the goblin. The goblin closely misses you.
You claw the goblin!
You kill the goblin!
No target in view!
No target in view!
There is an entrance to Giaq's Armour Shop here.
You see here a +0 club.
e - 23 stones (gained 6)
Found a stone staircase leading down.
Found a ring mail.
There is a stone staircase leading down here.
Found a leather armour.
You see here a +0 leather armour.
f - 3 lumpy blue potions (gained 1)
You see here a bat corpse.
You see here a bat corpse.
Done exploring.
Done exploring.
Are you sure you want to abandon this character and quit the game? (Confirm with "yes".)

#####
##############....
#....[......##.###
#.####..###.##.#
#.####...##.##.###
#.##.....>........
#.##.#...##.##.###
#.##.#..###.##.#
#@..........##.###
####.#########....
###.####### #####
#.........#######
#.#..#.##.#.....#
#.#..#.##.#.....#
#.#.....#.#.....#
#.##)#..#.#.....#
#..#......#.....#


There were no monsters in sight!

Vanquished Creatures
  Terence (D:2)
  An adder (D:2)
  6 bats
  3 endoplasms
  2 giant cockroaches (D:1)
  2 goblins
  A hobgoblin (D:1)
  5 kobolds
  2 quokkas (D:1)
  5 ball pythons
  A frilled lizard (D:1)
  3 rats
32 creatures vanquished.

Notes
Turn   | Place    | Note
-------+----------+-------------------------------------------
     0 | D:1      | coffeetime the Troll Monk began the quest for the Orb.
     0 | D:1      | Reached XP level 1. HP: 22/22 MP: 0/0
    88 | D:1      | Found a faded altar of an unknown god.
   103 | D:1      | Prayed at the altar of an unknown god.
   103 | D:1      | Became a worshipper of Xom of Chaos
   149 | D:1      | Reached XP level 2. HP: 29/29 MP: 1/1
   174 | D:1      | XOM: silly message
   938 | D:2      | Reached XP level 3. HP: 37/37 MP: 2/2
   944 | D:2      | Found a glowing golden altar of the Shining One.
   945 | D:2      | Noticed Terence
   950 | D:2      | Killed Terence
  1115 | D:2      | Reached skill level 4 in Unarmed Combat
  1140 | D:2      | Found Giaq's Armour Shop.
  1260 | D:2      | Quit the game

Illustrated notes

Levels and vault maps discovered:
D:1:      nagdon_arrival_zigzag_paths, layout_basic,
          shapermc_ecumenical_altar_mp_highgroup, hangedman_decor_push
D:2:      layout_loops_cross, basic_altar, serial_shops, shop, nicolae_titane,
          uniq_terence

Skill      XL: |  1  2  3 |
---------------+----------+-----
Fighting       | 3 |  3.3
Unarmed Combat | 4 |  4.0
Dodging        | |  2.4

Action                     || total
---------------------------++-------
  Melee: Unarmed           ||    62
 Armour: Robe              ||    19
  Dodge: Dodged            ||    27
